 Dungeon Crawl Stone Soup version 0.31-a0-1540-g5a0b83f448 (webtiles) character file.

Game seed: 15562137333934776025

13769 brekkin the Grappler (level 11, -4/84 HPs)
             Began as a Red Draconian Shapeshifter on Jan 2, 2024.
             Was an Elder of Wu Jian.
             Slain by monsoonserge's ghost (28 damage)
             ... on level 1 of the Lair of Beasts.
             The game lasted 01:06:50 (11226 turns).

brekkin the Grappler (Red Draconian Shapeshifter)  Turns: 11226, Time: 01:06:50

Health: -4/84      AC: 13    Str: 21    XL:     11   Next: 79%
Magic:  11/11      EV: 33    Int:  6    God:    Wu Jian [****..]
Gold:   1095       SH:  0    Dex: 10    Spells: 10/10 levels left

rFire   + +          .
                       - Unarmed
rCold   + . .        (shield currently unavailable)
rNeg    + . .        (body armour unavailable)
rPois   .            m - +0 hat "Tacleem" {rF+ rC+ Int-2}
rElec   +            (no cloak)
rCorr   +            (no gloves)
SInv    +            (no boots)
Will    .....        d - amulet of Tiwecot {Acrobat +Inv rCorr Int-3 SInv}
Stlth   +            p - +6 ring of protection
HPRegen 0.34/turn    q - ring "Fiepniof" {rElec rN+}
MPRegen 0.12/turn

%: acrobat
@: flux-form, acrobatic, glowing
A: glow, contaminating, breathe fire, AC +7, unfitting armour, fire resistance
1, cold-blooded, frail 1, MP-powered wands
a: Breathe Fire, Begin Untransformation, Renounce Religion, Evoke Invisibility,
Wall Jump, Serpent's Lash


You were on level 1 of the Lair of Beasts.
You worshipped Wu Jian.
Wu Jian was greatly pleased with you.
You were something dangerously unstable.
You visited 3 branches of the dungeon, and saw 14 of its levels.
You also visited: Ossuary.

You collected 2826 gold pieces.
You spent 1731 gold pieces at shops.

Inventory:

Hand Weapons
 L - a +0 club
Missiles
 N - 2 throwing nets
Armour
 m - the +0 hat "Tacleem" (worn) {rF+ rC+ Int-2}
   (You acquired it on level 11 of the Dungeon)

   Int-2:     It affects your intelligence (-2).
   rF+:       It protects you from fire.
   rC+:       It protects you from cold.
 s - a +0 pair of boots of rampaging
Jewellery
 d - the amulet of Tiwecot (around neck) {Acrobat +Inv rCorr Int-3 SInv}
   (You acquired it on level 3 of the Dungeon)

   [amulet of the acrobat]

   Acrobat:   It increases your evasion while moving and waiting.
   Int-3:     It affects your intelligence (-3).
   SInv:      It lets you see invisible.
   +Inv:      It lets you turn invisible.
   rCorr:     It protects you from acid and corrosion.
 p - a +6 ring of protection (left hand)
 q - the ring "Fiepniof" (right hand) {rElec rN+}
   (You bought it in a shop on level 1 of the Dungeon)

   [ring of positive energy]

   rElec:     It insulates you from electricity.
   rN+:       It protects you from negative energy.
 F - a ring of ice
Talismans
 b - a beast talisman
 c - a flux talisman (active)
 f - a dragon-blood talisman
 g - a serpent talisman
Wands
 n - a wand of mindburst (26)
 o - a wand of roots (32)
 y - a wand of charming (20)
Scrolls
 h - 3 scrolls of revelation
 i - a scroll of brand weapon {unknown}
 r - 3 scrolls of vulnerability
 t - a scroll of summoning
 v - 6 scrolls of teleportation
 A - a scroll of amnesia {unknown}
 C - 2 scrolls of blinking
 D - a scroll of enchant weapon {unknown}
 G - 3 scrolls of fog
 K - 2 scrolls of fear
 M - 2 scrolls of enchant armour
Potions
 a - 6 potions of lignification
 e - 2 potions of heal wounds
 j - a potion of brilliance
 k - 6 potions of curing
 l - 2 potions of might
 w - a potion of resistance {unknown}
 z - 3 potions of magic {unknown}
 B - a potion of haste {unknown}
 H - a potion of degeneration {unknown}
 J - 2 potions of enlightenment {unknown}
 O - a potion of attraction


   Skills:
 * Level 7.9 Fighting
 * Level 8.3 Dodging
 - Level 2.3 Stealth
 + Level 12.3 Unarmed Combat
 * Level 9.4 Shapeshifting


You had 10 spell levels left.
You didn't know any spells.
Your spell library contained the following spells:

 Spells                   Type           Power      Damage    Failure   Level
 Blink                    Tloc           0%         N/A       58%         2
 Ensorcelled Hibernation  Hex/Ice        0%         N/A       58%         2
 Lesser Beckoning         Tloc           0%         N/A       58%         2
 Mercury Vapours          Alch/Air       0%         N/A       58%         2
 Momentum Strike          Conj/Tloc      0%         3d8       58%         2
 Fugue of the Fallen      Necr           0%         N/A       83%         3
 Hailstorm                Conj/Ice       0%         3d5       83%         3
 Mephitic Cloud           Conj/Alch/Air  0%         N/A       83%         3
 Ozocubu's Armour         Ice            0%         N/A       83%         3
 Summon Ice Beast         Ice/Summ       0%         N/A       83%         3
 Volatile Blastmotes      Fire/Tloc      0%         2d10      83%         3
 Anguish                  Hex/Necr       0%         N/A       99%         4
 Cause Fear               Hex            0%         N/A       99%         4
 Fulminant Prism          Conj/Alch      0%         3d5       99%         4
 Iskenderun's Mystic Bla  Conj/Tloc      0%         2d3       99%         4
 Manifold Assault         Tloc           0%         N/A       99%         4
 Fireball                 Conj/Fire      0%         3d3       100%        5
 Freezing Cloud           Conj/Ice/Air   0%         6-21      100%        5
 Sculpt Simulacrum        Ice/Alch       0%         N/A       100%        6
 Dragon's Call            Summ           0%         N/A       100%        9


Dungeon Overview and Level Annotations

Branches:
Dungeon (12/15)            Temple (1/1) D:6            Lair (1/5) D:11
    Orc (0/2) D:10        Ossuary (visited)

Altars:
Ashenzari
Cheibriados
Dithmenos
Elyvilon
Fedhas
Gozag
Hepliaklqana
Kikubaaqudgha
Makhleb
Nemelex Xobeh
Okawaru
Qazlal
Ru
Sif Muna
Trog
Uskayaw
Vehumet
Wu Jian
Xom
Yredelemnul
Zin
The Shining One

Shops:
D:1 =   D:2 [   D:4 [   D:10 [*   D:11 ?

Annotations:
Lair:1 monsoonserge's ghost, journeyman TrSh


Innate Abilities, Weirdness & Mutations

You are something dangerously unstable.
You glow with magical radiation, making you easy to see and hit.
Foes you strike become dangerously contaminated with magical radiation.
You are incapable of wielding weapons or throwing items.
You can breathe blasts of fire.
Your fiery red scales are hard. (AC +7)
You cannot fit into any form of body armour.
Your flesh is heat resistant. (rF+)
You are cold-blooded and may be slowed by cold attacks.
You are frail. (-10% HP)
You expend magic power (3 MP) to strengthen your wands.


Message History

Monsoonserge's ghost is lightly damaged.
Monsoonserge's ghost completely misses you.
You closely miss monsoonserge's ghost.
Monsoonserge's ghost is lightly damaged.
Monsoonserge's ghost hits you!
You punch monsoonserge's ghost!
Monsoonserge's ghost glows dangerously bright.
You tail-slap monsoonserge's ghost.
Monsoonserge's ghost is lightly damaged.
You hit monsoonserge's ghost but do no damage.
Monsoonserge's ghost shudders as magic cascades through it!!
Your tail-slap misses monsoonserge's ghost.
Monsoonserge's ghost is heavily damaged.
Monsoonserge's ghost closely misses you.
You barely miss monsoonserge's ghost.
Monsoonserge's ghost is heavily damaged.
Monsoonserge's ghost hits you!!
You punch monsoonserge's ghost!
Monsoonserge's ghost begins to glow.
Monsoonserge's ghost is heavily damaged.
The wyvern stops glowing.
Monsoonserge's ghost hits you.
You closely miss monsoonserge's ghost.
Monsoonserge's ghost is heavily damaged.
You punch monsoonserge's ghost!
Monsoonserge's ghost glows dangerously bright.
You tail-slap monsoonserge's ghost, but do no damage.
Monsoonserge's ghost is severely damaged.
Monsoonserge's ghost says, "Let's see how well you move."
Monsoonserge's ghost closely misses you.
You completely miss monsoonserge's ghost.
Your tail-slap misses monsoonserge's ghost.
Monsoonserge's ghost is severely damaged.
Monsoonserge's ghost hits you!!
You closely miss monsoonserge's ghost.
You tail-slap monsoonserge's ghost, but do no damage.
Monsoonserge's ghost is severely damaged.
Monsoonserge's ghost hits you!
* * * LOW HITPOINT WARNING * * *
Monsoonserge's ghost attacks as it pursues you!
Monsoonserge's ghost hits you!!
You die...

..........................#
..........................#
.........................##
............#####........#
############# #........#
#§§§#........#
#§§k#........##
##§##.........#
#..Wp........##
#.........>..#
##.#.........# ### ###
#............##
###.####.#######.........P#
..........)..............##
.........................#
.........................#
....÷....................#


You could see a wyvern and monsoonserge's ghost (heavy contam).

Vanquished Creatures
  Erolcha (D:9)
  A two-headed ogre (D:8)
  2 manticores (D:11)
  The ghost of brekkin the Insei, a novice OpSh (D:5)
  Joseph (Lair:1)
  A cane toad (Lair:1)
  2 kobold demonologists (D:9)
  A komodo dragon (D:11)
  2 trolls
  6 blink frogs (Lair:1)
  2 hornets
  Grinder (D:4)
  Prince Ribbit (Lair:1)
  2 wraiths
  A vampire (D:9)
  8 yaks
  A wyvern (D:9)
  Grum (D:8)
  7 vampire mosquitoes
  3 steam dragons
  An orc warrior (D:10)
  A sky beast (D:8)
  A black bear (D:5)
  3 ogres
  2 wolves (D:8)
  2 ice beasts
  5 centaurs (D:11)
  4 kobold brigands
  8 bullfrogs
  3 gnoll sergeants
  2 scorpions (D:5)
  13 wights
  A burial acolyte (Ossuary)
  10 howler monkeys
  2 electric eels (Lair:1)
  3 jellies (D:6)
  6 orc priests
  3 bombardier beetles
  5 hounds
  4 iguanas
  9 orc wizards
  18 gnolls
  6 adders
  2 white imps
  An adder zombie (Ossuary)
  A dart slug (D:3)
  A ribbon worm (D:3)
  32 orcs
  3 ball pythons
  6 endoplasms
  4 giant cockroaches
  6 goblins
  6 hobgoblins
  3 jackals (D:2)
  20 kobolds
  3 quokkas
  2 ball python skeletons (Ossuary)
  5 bats (D:1)
  3 frilled lizards (D:1)
  A hobgoblin skeleton (Ossuary)
  2 hobgoblin zombies (Ossuary)
  2 orc skeletons (Ossuary)
  An orc zombie (Ossuary)
  6 rats
267 creatures vanquished.

Notes
Turn   | Place    | Note
-------+----------+-------------------------------------------
     0 | D:1      | brekkin the Draconian Shapeshifter began the quest for the
                  | Orb.
     0 | D:1      | Reached XP level 1. HP: 16/16 MP: 1/1
   115 | D:1      | Reached XP level 2. HP: 18/23 MP: 2/2
   247 | D:1      | Found Xeitof's One-of-a-Kind Rings.
   443 | D:1      | Reached XP level 3. HP: 28/28 MP: 3/3
   765 | D:2      | Found Mesef's Antique Armour Emporium.
   985 | D:2      | Reached skill level 4 in Unarmed Combat
  1220 | D:2      | Reached XP level 4. HP: 36/36 MP: 4/4
  1399 | D:3      | Reached XP level 5. HP: 10/41 MP: 5/5
  1525 | D:3      | Identified 3 scrolls of acquirement
  1525 | D:3      | Acquired 624 gold pieces
  1529 | D:3      | Acquired the amulet of Tiwecot {Acrobat +Inv rCorr Int-3
                  | SInv}
  1530 | D:3      | Acquired 1247 gold pieces
  2170 | D:1      | Bought a +6 ring of protection for 858 gold pieces
  2170 | D:1      | Bought the ring "Fiepniof" {rElec rN+} for 374 gold pieces
  2214 | D:4      | Reached skill level 5 in Unarmed Combat
  2264 | D:4      | Noticed Grinder
  2271 | D:4      | Paralysed by Grinder for 4 turns
  2287 | D:4      | Killed Grinder
  2288 | D:4      | Reached XP level 6. HP: 19/50 MP: 6/6
  2405 | D:4      | Reached skill level 6 in Unarmed Combat
  2405 | D:4      | Your scales start taking on a fiery red colour.
  2405 | D:4      | Reached XP level 7. HP: 47/56 MP: 7/7
  2405 | D:4      | Gained mutation: Your flesh is heat resistant. (rF+) [Red
                  | Draconian growth]
  2577 | D:4      | Found Toitsoca's Armour Emporium.
  2580 | D:4      | Bought a +0 pair of boots of rampaging for 115 gold pieces
  2804 | D:5      | Entered Level 5 of the Dungeon
  2804 | D:5      | Noticed brekkin's ghost (novice OpSh)
  2804 | D:5      | Found a runed translucent gate.
  2804 | D:5      | Found a runed translucent gate.
  3003 | D:5      | Reached skill level 7 in Unarmed Combat
  3008 | D:5      | Found a runed translucent gate.
  3160 | D:5      | Reached skill level 1 in Stealth
  3220 | D:5      | Found a sand-covered staircase.
  3232 | Ossuary  | Entered an ossuary
  3301 | Ossuary  | Reached XP level 8. HP: 63/63 MP: 8/8
  3977 | D:5      | Reached skill level 8 in Unarmed Combat
  4256 | D:6      | Found a staircase to the Ecumenical Temple.
  4293 | Temple   | Entered the Ecumenical Temple
  4343 | Temple   | Became a worshipper of the Wu Jian Council
  4511 | D:6      | Found a runed translucent door.
  4837 | D:6      | Reached skill level 5 in Shapeshifting
  4862 | D:6      | Found a runed translucent gate.
  4870 | D:6      | Reached skill level 9 in Unarmed Combat
  4876 | D:6      | Reached XP level 9. HP: 71/71 MP: 9/9
  4895 | D:6      | Found a large runed translucent door.
  4895 | D:6      | Found a runed translucent gate.
  4900 | D:6      | Found a large runed translucent door.
  4900 | D:6      | Found a runed translucent gate.
  5048 | D:5      | Reached * piety under Wu Jian
  5049 | D:5      | Reached skill level 5 in Dodging
  5072 | D:5      | Killed brekkin's ghost
  5534 | D:7      | Reached skill level 10 in Unarmed Combat
  5665 | D:7      | Reached skill level 5 in Fighting
  6318 | D:8      | Found a shimmering altar of Xom.
  6318 | D:8      | Found a stormy altar of Qazlal.
  6318 | D:8      | Found a hazy altar of Hepliaklqana.
  6333 | D:8      | Noticed a two-headed ogre
  6339 | D:8      | Killed a two-headed ogre
  6339 | D:8      | Reached ** piety under Wu Jian
  6340 | D:8      | Reached XP level 10. HP: 54/82 MP: 10/10
  6857 | D:8      | Reached skill level 11 in Unarmed Combat
  6889 | D:8      | Noticed Grum
  6932 | D:8      | Killed Grum
  7407 | D:9      | Noticed Erolcha
  7422 | D:9      | Killed Erolcha
  7731 | D:9      | Reached skill level 12 in Unarmed Combat
  8065 | D:9      | You fall into a shaft and drop 3 floors!
  8387 | D:10     | Entered Level 10 of the Dungeon
  8404 | D:10     | Reached XP level 11. HP: 74/92 MP: 11/11
  8457 | D:10     | Gained mutation: Your spells are a little harder to cast,
                  | but a little more powerful. [potion of mutation]
  8457 | D:10     | Lost mutation: Your spells are a little harder to cast, but
                  | a little more powerful. [potion of mutation]
  8457 | D:10     | Gained mutation: Your spells are a little harder to cast,
                  | but a little more powerful. [potion of mutation]
  8458 | D:10     | Lost mutation: Your spells are a little harder to cast, but
                  | a little more powerful. [potion of mutation]
  8458 | D:10     | Gained mutation: Your muscles are strong. (Str +4, Int/Dex
                  | -1) [potion of mutation]
  8458 | D:10     | Gained mutation: You are occasionally teleported next to
                  | monsters. [potion of mutation]
  8458 | D:10     | Lost mutation: Your muscles are strong. (Str +4, Int/Dex
                  | -1) [potion of mutation]
  8582 | D:10     | Found Xiakyt's Mass Market.
  8646 | D:10     | Reached *** piety under Wu Jian
  8808 | D:10     | Found a staircase to the Orcish Mines.
  8810 | D:10     | Found Otyrrave's Armour Emporium.
  9817 | D:11     | Found a staircase to the Lair.
  9892 | D:11     | Found Ameopava's Magic Scroll Shop.
  9895 | D:11     | Bought a scroll of identify for 32 gold pieces
  9895 | D:11     | Bought a scroll of identify for 32 gold pieces
  9895 | D:11     | Bought a scroll of noise for 16 gold pieces
  9895 | D:11     | Bought a scroll of teleportation for 48 gold pieces
  9895 | D:11     | Bought a scroll of identify for 32 gold pieces
  9895 | D:11     | Bought a scroll of identify for 32 gold pieces
  9895 | D:11     | Bought a scroll of fear for 64 gold pieces
  9895 | D:11     | Bought a scroll of fog for 64 gold pieces
  9895 | D:11     | Bought a scroll of vulnerability for 64 gold pieces
  9896 | D:11     | Lost mutation: You are occasionally teleported next to
                  | monsters. [potion of mutation]
  9896 | D:11     | Gained mutation: You are frail. (-10% HP) [potion of
                  | mutation]
  9896 | D:11     | Gained mutation: You expend magic power (3 MP) to
                  | strengthen your wands. [potion of mutation]
 10229 | D:11     | Acquired the +0 hat "Tacleem" {rF+ rC+ Int-2}
 10429 | Lair:1   | Entered Level 1 of the Lair of Beasts
 10433 | Lair:1   | Noticed Prince Ribbit
 10442 | Lair:1   | Killed Prince Ribbit
 10528 | Lair:1   | Noticed Joseph
 10538 | Lair:1   | Killed Joseph
 10538 | Lair:1   | Reached **** piety under Wu Jian
 10578 | Lair:1   | Found a runed translucent door.
 10579 | Lair:1   | Noticed monsoonserge's ghost (journeyman TrSh)
 11226 | Lair:1   | Slain by monsoonserge's ghost

Illustrated notes

Levels and vault maps discovered:
D:1:      grunt_arrival_crossed_arrows, layout_rooms, nicolae_shop_unique_rings
D:2:      layout_loops_ring, serial_shops, shop, minmay_misc_feat_diagonals,
          solitary_fountain
D:3:      layout_basic, minmay_misc_feat_rows, amcnicky_mini_pool_small
D:4:      layout_basic, serial_shops, nicolae_shop_tiny_real_fake_doors,
          minmay_misc_feat_x, uniq_grinder
D:5:      kennysheep_six_static_rooms, layout_cave_pools,
          nicolae_ossuary_entry_ruins, gammafunk_ghost_nasty_kobolds,
          corexii_corridor_pit, serial_park_tiny_2
D:6:      layout_loops_ring, minmay_temple_entry_sparse_star,
          lightli_church_of_beogh
D:7:      layout_loops_cross, serial_bayou_pond_c, nrook_mini_vaults,
          chequers_avenue, minivault_24, chequers_serial_rivers_large_a,
          nicolae_sextant
D:8:      layout_basic, chequers_temple_overflow_statue_of_worship,
          serial_rivers, chequers_serial_rivers_small_b,
          chequers_serial_rivers_large_b, chequers_serial_rivers_small_a,
          chequers_serial_rivers_marsh, chequers_serial_rivers_micro_d,
          uniq_grum
D:9:      layout_roguey, hangedman_abyss_or_decor_stabs, uniq_erolcha
D:10:     layout_basic, orc_david_3, minmay_shop_mass,
          minmay_misc_feat_secret_circle, dk_rats_in_the_wall
D:11:     layout_loops_ring, lair_entry_dummy, serial_rivers,
          chequers_serial_rivers_micro_b, chequers_serial_rivers_room_b,
          chequers_serial_rivers_micro_e, chequers_serial_rivers_room_a,
          chequers_serial_rivers_small_3, serial_shops, kennysheep_mini_moat,
          minmay_fractal_squares_gapless_5
D:12:     layout_loops_ring, gammafunk_ghost_stat_death, fedhas_ov_isle_minmay
Temple:   compressed_dpeg_triangle_lava_temple
Lair:1:   layout_big_grid, ebering_ghost_inner_flame, serial_bayou_shore_a,
          uniq_joseph, uniq_prince_ribbit2

Skill      XL: |  1  2  3  4  5  6  7  8  9 10 11 |
---------------+----------------------------------+-----
Dodging        | 2 3 4 6 7 8 |  8.3
Unarmed Combat | 4 5 6 7 9 10 12 | 12.3
Fighting       | 2 3 4 5 7 |  7.9
Shapeshifting  | 4 5 6 7 9 |  9.4
Stealth        | 1 2 |  2.3

Action                     |  1- 3 |  4- 6 |  7- 9 | 10-12 || total
---------------------------+-------+-------+-------+-------++-------
  Melee: Unarmed           |    97 |   101 |   359 |   423 ||   980
         Tailslap          |    11 |    15 |    41 |    72 ||   139
         Punch             |     3 |     1 |    15 |    15 ||    34
Ability: Lunge             |       |       |     8 |    25 ||    33
         Whirlwind         |       |       |     2 |    51 ||    53
    Use: Potion            |       |     2 |     2 |     3 ||     7
         Scroll            |       |     5 |     3 |     8 ||    16
   Stab: Distracted        |       |       |     1 |       ||     1
         Sleeping          |       |       |     4 |     1 ||     5
 Armour: Skin              |    48 |    56 |   186 |   173 ||   463
  Dodge: Dodged            |    65 |    42 |   198 |   314 ||   619
   Form: Beast             |     1 |       |       |       ||     1
         Flux              |       |       |       |     1 ||     1

Table legend: (Time is in decaauts)
 A = Elapsed time spent in this place.
 B = Non-inter-level travel time spent in this place.
 C = Inter-level travel time spent in this place.
 D = Time resting spent in this place.
 E = Time spent auto-exploring this place.
 F = Levels seen in this place.
 G = Mean time per level.
                   A        B        C        D        E       F      G
               +--------+--------+--------+--------+--------+-----+--------+
         Total |  11214 |  10788 |    426 |    549 |   7796 |  15 |  747.6 |
       Dungeon |   9866 |   9440 |    426 |    371 |   7011 |  12 |  822.2 |
        Temple |     55 |     55 |      0 |      0 |      0 |   1 |   55.0 |
          Lair |    806 |    806 |      0 |      2 |    643 |   1 |  806.0 |
       Ossuary |    485 |    485 |      0 |    176 |    141 |   1 |  485.0 |
               +--------+--------+--------+--------+--------+-----+--------+

Top non-repeatable levels by time:
    D:11: 1533 daAuts
     D:7: 1073 daAuts
     D:8: 1040 daAuts
     D:6: 937 daAuts
     D:5: 932 daAuts
     D:3: 809 daAuts
  Lair:1: 806 daAuts
    D:10: 805 daAuts
     D:2: 781 daAuts
     D:9: 739 daAuts
     D:1: 610 daAuts
     D:4: 594 daAuts
 Ossuary: 485 daAuts
  Temple: 55 daAuts
    D:12: 7 daAuts
